 Dungeon Crawl Stone Soup version 0.30.0-29-ga12c61a403 (webtiles) character file.

Game seed: 1983962041792214543

809 hawla the Cudgeller (level 8, 0/57 HPs)
             Began as a Meteoran Fire Elementalist on June 6, 2023.
             Was an Initiate of Vehumet.
             Slain by a centaur warrior skeleton (3 damage)
             ... on level 7 of the Dungeon.
             The game lasted 00:07:48 (2004 turns).

hawla the Cudgeller (Meteoran Fire Elementalist)    Turns: 2004, Time: 00:07:49

Health: 0/57       AC:  1    Str: 10    XL:     8   Next: 37%
Magic:  3/15       EV: 13    Int: 18    God:    Vehumet [......]
Gold:   258        SH:  0    Dex: 15    Spells: 9/16 levels left

rFire   . . .        c - +2 flail (protect)
rCold   . . .        (no shield)
rNeg    . . .        a - +0 robe
rPois   .            (helmet restricted)
rElec   .            (no cloak)
rCorr   .            (no gloves)
SInv    .            (no boots)
Will    +....        (no amulet)
Stlth   +            (no ring)
HPRegen 0.29/turn    (no ring)
MPRegen 0.14/turn

%: no passive effects
@: very slightly contaminated, glowing
A: sense surroundings 1, otherworldly, glowing, explore regen, beak, claws 1,
deformed body, wild magic 1
a: Renounce Religion


You were on level 7 of the Dungeon.
You worshipped Vehumet.
Vehumet was noncommittal.
You visited 2 branches of the dungeon, and saw 8 of its levels.
You also visited: Sewer.

You collected 258 gold pieces.

Inventory:

Hand Weapons
 c - a +2 flail of protection (weapon)
Armour
 a - a +0 robe (worn)
Magical Staves
 e - a staff of air
Jewellery
 r - a ring of positive energy
Wands
 k - a wand of roots (10)
Scrolls
 g - a scroll of immolation {unknown}
 h - 2 scrolls of identify
 i - a scroll of enchant weapon {unknown}
 j - a scroll of blinking {unknown}
 p - a scroll of fog {unknown}
Potions
 b - a potion of invisibility {unknown}
 f - 2 potions of curing
 l - a potion of flight {unknown}
 m - a potion of magic
 n - 2 potions of ambrosia {unknown}
 q - a potion of haste {unknown}


   Skills:
 + Level 7.3 Maces & Flails
 - Level 3.0 Dodging
 - Level 1.4 Stealth
 - Level 4.5 Spellcasting
 - Level 5.2 Conjurations
 - Level 5.2 Fire Magic


You had 9 spell levels left.
You knew the following spells:

 Your Spells              Type           Power      Damage    Failure   Level
a - Foxfire               Conj/Fire      100%       2x1d9     3%          1
b - Scorch                Fire           58%        2d7       4%          2
c - Flame Wave            Conj/Fire      29%        2d9       22%         4

Your spell library contained the following spells:

 Spells                   Type           Power      Damage    Failure   Level
 Inner Flame              Hex/Fire       17%        N/A       21%         3
 Volatile Blastmotes      Fire/Tloc      34%        2d12      21%         3
 Summon Cactus Giant      Summ           2%         N/A       100%        6


Dungeon Overview and Level Annotations

Branches:
Dungeon (7/15) Zot: 2404   Temple (1/1) D:5 Zot: 505   Sewer (visited)

Altars:
Dithmenos
Elyvilon
Fedhas
Hepliaklqana
Makhleb
Okawaru
Uskayaw
Vehumet
Xom
Yredelemnul
Zin


Innate Abilities, Weirdness & Mutations

You passively map a small area around you.
You are easily found by Zot.
You glow in the dark.
You regain HP and MP as you explore.
You have a beak for a mouth.
You have sharp fingernails.
Armour fits poorly on your strangely shaped body.
Your spells are a little harder to cast, but a little more powerful.


Message History

The spell is quite dangerous to miscast (24% risk of failure)!
Continue anyway?
Casting: Flame Wave (quite dangerous; 24% risk of failure)
Press: ? - help, Dir - look around, f - activate A wave of flame ripples out!
The flame wave engulfs the meliai zombie!
The meliai zombie is burned terribly!
The meliai zombie is severely damaged. (Press . to intensify the flame waves.)
The meliai zombie closely misses you. The meliai zombie hits you.
A centaur warrior skeleton comes into view.
The meliai zombie completely misses you.
The meliai zombie hits you!
* * * LOW HITPOINT WARNING * * *
A wave of flame ripples out!
The flame wave engulfs the meliai zombie!!
The meliai zombie is burned terribly!
You destroy the meliai zombie!
Vehumet accepts your kill.
You hear an angry hiss.
You hear a shout!
A shadow imp comes into view.
A hellwing comes into view.
Training target 5.2 for Conjurations reached!
Your Maces & Flails skill increases to level 7!
A wave of flame ripples out!
The flame wave engulfs the centaur warrior skeleton!
The centaur warrior skeleton is moderately damaged.
The flame wave engulfs the centaur warrior skeleton!
The centaur warrior skeleton is moderately damaged.
You finish channelling waves of flame.
Something shouts, "Scamper home, thou mangled fool-born hedge-pig!"
A centaur warrior skeleton comes into view.
The centaur warrior skeleton hits you.
* * * LOW HITPOINT WARNING * * *
The centaur warrior skeleton kicks you.
* * * LOW HITPOINT WARNING * * *
The centaur warrior skeleton hits you.
* * * LOW HITPOINT WARNING * * *
The centaur warrior skeleton kicks you.
* * * LOW HITPOINT WARNING * * *
The centaur warrior skeleton hits you.
You die...

*,*,,,,8,,,,,,,,,* *,,,,,,*
*****,*,8,,....,,,,,,* *,,,,,,*
*,,,,,,,8,,,584,,,,,,* *,,,,,,*
*,****,**,,,...,,,,,** *,,,,,,,
*,* *,***,,,Z4,,,,** *,,,,,,* *,*
*,,,****#Z***** *,,,,,,* *,*
**,,****#.### ********
*,*****,,,,,*#ZZ.# ******
*,,,,,*,***,*,#@.#**** *,,,,*
*,*****,,,,,,,#......# *,,,,**
*,*,,,,,******######.# *,,,,,*
**,****,,,*,,,,,,,,,,,***,***,***
,,,,,,**,,****8***8**,,**,,,,,,,*
,,,,,,**,,+,,,,,,,,∩8,,,,,,,,,***
,,,,,,,,,,**8***8****,,**,,,,,***
,,,,,,,**,*,,,,,,,,,,,,,,,*,,,,,,
**,,,,,**,***********,,,,,,,,,,,*


You could see 2 hellwings, a shadow imp and 4 centaur warrior skeletons.

Vanquished Creatures
  A meliai zombie (D:7)
  Eustachio (D:4)
  Pargi (Sewer)
  An ice beast (D:5)
  A scorpion (D:5)
  A hound (D:5)
  2 orc priests (D:5)
  A gnoll bouda (D:5)
  An iguana (D:5)
  9 gnolls
  An adder (D:4)
  5 orcs (D:5)
  A ball python (D:2)
  2 giant cockroaches
  A goblin (D:2)
  2 hobgoblins (D:2)
  3 jackals
  2 quokkas
  4 kobolds
  4 rats
44 creatures vanquished.

Vanquished Creatures (others)
  73 foxfires
73 creatures vanquished.

Grand Total: 117 creatures vanquished

Notes
Turn   | Place    | Note
-------+----------+-------------------------------------------
     0 | D:1      | hawla the Meteoran Fire Elementalist began the quest for
                  | the Orb.
     0 | D:1      | Reached XP level 1. HP: 14/14 MP: 5/5
    79 | D:2      | Reached XP level 2. HP: 20/20 MP: 2/6
    82 | D:2      | Learned a level 2 spell: Scorch
   373 | D:4      | Found a shadowy altar of Dithmenos.
   389 | D:4      | Reached XP level 3. HP: 26/26 MP: 4/8
   406 | D:4      | Noticed Eustachio
   412 | D:4      | Gained mutation: Your mind is acute. (Int +4, Str/Dex -1)
                  | [potion of mutation]
   412 | D:4      | Gained mutation: You possess an exceptional clarity of
                  | mind. [potion of mutation]
   468 | D:4      | Killed Eustachio
   469 | D:4      | Reached skill level 5 in Fire Magic
   469 | D:4      | Reached XP level 4. HP: 33/33 MP: 3/11
   469 | D:4      | Reached XP level 5. HP: 38/38 MP: 3/12
   474 | D:4      | Learned a level 4 spell: Flame Wave
   503 | D:4      | Reached skill level 1 in Maces & Flails
   503 | D:4      | Reached XP level 6. HP: 39/45 MP: 8/13
   614 | D:4      | Found a shimmering altar of Xom.
   615 | D:4      | Found a hazy altar of Hepliaklqana.
   616 | D:4      | Noticed a spectral ugly thing
  1047 | D:5      | Entered Level 5 of the Dungeon
  1081 | D:5      | Found a glowing drain.
  1091 | Sewer    | Entered a sewer
  1151 | Sewer    | Noticed Pargi
  1163 | Sewer    | Killed Pargi
  1164 | Sewer    | Reached skill level 3 in Maces & Flails
  1373 | D:5      | Reached XP level 7. HP: 38/50 MP: 14/14
  1388 | D:5      | Reached skill level 4 in Maces & Flails
  1502 | D:5      | Reached skill level 5 in Maces & Flails
  1726 | D:5      | Lost mutation: Your mind is acute. (Int +4, Str/Dex -1)
                  | [potion of mutation]
  1726 | D:5      | Lost mutation: You possess an exceptional clarity of mind.
                  | [potion of mutation]
  1726 | D:5      | Gained mutation: You have a beak for a mouth. [potion of
                  | mutation]
  1726 | D:5      | Gained mutation: You are dopey. (Int -2) [potion of
                  | mutation]
  1726 | D:5      | Gained mutation: You expend magic power (3 MP) to
                  | strengthen your wands. [potion of mutation]
  1727 | D:5      | Lost mutation: You expend magic power (3 MP) to strengthen
                  | your wands. [potion of mutation]
  1727 | D:5      | Lost mutation: You are dopey. (Int -2) [potion of mutation]
  1727 | D:5      | Gained mutation: Your spells are a little harder to cast,
                  | but a little more powerful. [potion of mutation]
  1727 | D:5      | Gained mutation: Armour fits poorly on your strangely
                  | shaped body. [potion of mutation]
  1727 | D:5      | Gained mutation: You have sharp fingernails. [potion of
                  | mutation]
  1745 | D:5      | Reached skill level 5 in Conjurations
  1745 | D:5      | Reached XP level 8. HP: 57/57 MP: 6/15
  1836 | D:5      | Reached skill level 6 in Maces & Flails
  1838 | D:5      | Found a staircase to the Ecumenical Temple.
  1844 | Temple   | Entered the Ecumenical Temple
  1930 | Temple   | Became a worshipper of Vehumet
  2000 | D:7      | Noticed a hellwing
  2002 | D:7      | Noticed a hellwing
  2003 | D:7      | Reached skill level 7 in Maces & Flails
  2004 | D:7      | Slain by a centaur warrior skeleton

Illustrated notes

Levels and vault maps discovered:
D:1:      dpeg_arrival_long_road, layout_rooms
D:2:      layout_basic, hex_medium
D:3:      layout_loops_ring, minmay_overflow_temple_hex,
          mainiacjoe_overflow_brackets, uniq_crazy_yiuf_cottage
D:4:      layout_loops_ring, regret_index_temple_of_mockery,
          nicolae_dithmenos_shadow_blocks, minmay_misc_feat_cross,
          uniq_eustachio
D:5:      layout_basic, minmay_temple_entry_nine_rooms, portal_sewer_entry_b
D:6:      layout_gridville
D:7:      cheibrodos_grave_circle, layout_basic, enter_bailey_8
Temple:   nicolae_temple_colour_theory

Skill      XL: |  1  2  3  4  5  6  7  8 |
---------------+-------------------------+-----
Fire Magic     | 4 5 |  5.2
Spellcasting   | 3 4 |  4.5
Dodging        | 3 |  3.0
Conjurations   | 2 3 5 |  5.2
Maces & Flails | 1 3 5 7 |  7.3
Stealth        | |  1.4

Action                     |  1- 3 |  4- 6 |  7- 9 || total
---------------------------+-------+-------+-------++-------
  Melee: Unarmed           |     2 |       |       ||     2
         Flail             |     3 |    21 |     2 ||    26
   Cast: Foxfire           |    28 |    12 |     9 ||    49
         Scorch            |     6 |     4 |     9 ||    19
         Flame Wave        |       |       |     4 ||     4
    Use: Scroll            |     2 |     3 |     1 ||     6
         Potion            |     2 |       |     2 ||     4
 Armour: Robe              |     2 |    16 |     3 ||    21
  Dodge: Dodged            |    12 |    17 |     9 ||    38
